 Dungeon Crawl Stone Soup version 0.22-a0-512-g0943f25 (webtiles) character file.

6129 inc the Blocker (level 11, -5/81 HPs)
             Began as a Formicid Fighter on June 18, 2018.
             Was a Priest of Okawaru.
             Slain by an orc warrior
             ... wielding a +0 war axe
              (8 damage)
             ... in a bailey.
             The game lasted 00:22:27 (10454 turns).

inc the Blocker (Formicid Fighter)                 Turns: 10454, Time: 00:22:28

Health: -5/81      AC:  8    Str: 20    XL:     11   Next: 12%
Magic:  15/15      EV:  9    Int: 10    God:    Okawaru [***...]
Gold:   549        SH: 12    Dex: 12    Spells: 10/10 levels left

rFire    . . .     SeeInvis +   a - +0 quarterstaff
rCold    + . .     Gourm    .   c - +0 shield
rNeg     . . .     Faith    .   s - +0 scale mail
rPois    .         Spirit   .   (helmet unavailable)
rElec    .         Reflect  .   (no cloak)
rCorr    .         Harm     .   g - +0 pair of gloves
MR       +....     Clarity  +   (no boots)
Stlth    ..........             (no amulet)
HPRegen  0.23/turn              K - +2 ring of dexterity
MPRegen  0.14/turn              o - ring of wizardry

@: no status effects
A: permanent stasis, dig shafts and tunnels, four strong arms, antennae 3,
clarity, cold resistance 1, weak 1
a: Dig, Shaft Self, Heroism, Renounce Religion


You were in a bailey.
You worshipped Okawaru.
Okawaru was most pleased with you.
You were very hungry.

You visited 2 branches of the dungeon, and saw 10 of its levels.
You also visited: Ossuary and Bailey.

You collected 549 gold pieces.

Inventory:

Hand Weapons
 a - a +0 quarterstaff (weapon)
 b - a +0 blowgun
Missiles
 t - 18 poisoned needles
Armour
 c - a +0 shield (worn)
 g - a +0 pair of gloves (worn)
 s - a +0 scale mail (worn)
Magical Staves
 I - an uncursed staff of cold
Jewellery
 e - an uncursed ring of flight
 o - a ring of wizardry (right hand)
 u - an uncursed ring of wizardry
 K - a +2 ring of dexterity (left hand)
Wands
 m - a wand of random effects (18)
 v - a wand of polymorph (14)
 w - a wand of flame (23)
 y - a wand of acid (11)
Scrolls
 h - 3 scrolls of teleportation
 i - 3 scrolls of noise {unknown}
 j - 5 scrolls of remove curse
 k - 4 scrolls of immolation {unknown}
 l - 6 scrolls of identify
 n - 2 scrolls of enchant armour
 p - 3 scrolls of fog {unknown}
 q - a scroll of blinking {unknown}
 B - a scroll of amnesia {unknown}
 C - 6 scrolls of random uselessness {unknown}
 M - a scroll of enchant weapon {unknown}
Potions
 r - 3 potions of lignification
 x - a potion of mutation
 z - 2 potions of resistance
 A - 2 potions of brilliance
 E - a potion of degeneration
 F - a potion of ambrosia
 G - a potion of curing
 H - a potion of berserk rage
 J - a potion of haste {unknown}
 L - a potion of heal wounds {unknown}
Comestibles
 f - 17 rations


   Skills:
 - Level 5.7 Fighting
 + Level 11.0 Staves
 - Level 5.7 Armour
 - Level 11.1 Shields
 + Level 5.6 Invocations


You had 10 spell levels left.
You didn't know any spells.
Your spell library contained the following spells:

 Spells                   Type           Power        Failure   Level  Hunger
 Throw Frost              Conj/Ice       #.....       50%         2    ###....
 Freeze                   Ice            #...         36%         1    ##.....
 Summon Ice Beast         Ice/Summ       #.......     98%         4    #####..
 Ozocubu's Armour         Chrm/Ice       #.......     71%         3    ####...
 Throw Icicle             Conj/Ice       #.......     98%         4    #####..


Dungeon Overview and Level Annotations

Branches:
Dungeon (9/15)             Temple (1/1) D:4
   Lair: D:8-11         Orc: D:9-12

Altars:
Ashenzari
Cheibriados
Dithmenos
Elyvilon
Fedhas
Gozag
Hepliaklqana
Kikubaaqudgha
Makhleb
Nemelex Xobeh
Okawaru
Qazlal
Ru
Sif Muna
Trog
Uskayaw
Vehumet
Wu Jian
Xom
Yredelemnul
Zin
The Shining One

Annotations:
D:5 3 runed doors, Tistro Niner's ghost, novice MfGl


Innate Abilities, Weirdness & Mutations

You cannot be hasted, slowed, berserked, paralysed or teleported.
You can dig through walls and to a lower floor.
Your four strong arms can wield two-handed weapons with a shield.
You have a pair of large antennae on your head. (SInv)
You possess an exceptional clarity of mind.
Your flesh is cold resistant. (rC+)
You are weak. (Str -2)


Message History

The orc barely misses you.
You barely miss the orc. You hit the orc but do no damage.
The orc hits you with a hand axe.
* * * LOW HITPOINT WARNING * * *
You sock the orc!
You kill the orc!
The orc warrior hits you with a war axe!
* * * LOW HITPOINT WARNING * * *
Unknown command.
The goblin completely misses you.
There is an open door, spattered with blood here.
Items here: ))))))))) [[[[[[[[[
Items here: )) [[ a hand axe; a leather armour; a hand axe; a leather armour The goblin hits you with a hand axe.
* * * LOW HITPOINT WARNING * * *
Okay, then.
You block the goblin's attack.
The orc warrior hits you with a war axe!
You die...

..#..o........#
..#...........#
.###.......o.###
##.###.....#)#.###
...###.###)....###
.....###.........##
....g##8...g......#
..g.og#8.....go...#
..o...'.....⌠.@..∩#
......#8..........#
g....##8..........#
.....###.........##
.o.###.###.....###
##.###.....#)#.###
.###........)###
..#...g..o....#
..#...........#


You could see an orc warlord, an orc warrior and 2 goblins.

Vanquished Creatures
  A two-headed ogre (D:9)
  Pikel (D:3)
  2 orc knights (Bailey)
  Prince Ribbit (D:4)
  Menkaure (D:7)
  10 orc warriors
  An ice beast (D:4)
  A phantom (D:5)
  An ogre (D:9)
  2 centaurs
  4 big kobolds
  5 bullfrogs
  3 scorpions (D:7)
  7 wights
  2 howler monkeys
  3 centaur zombies
  A quasit (D:7)
  4 crimson imps
  2 human zombies (Ossuary)
  A gnoll shaman (D:4)
  2 hounds
  A jelly (D:5)
  A bullfrog skeleton (D:5)
  Jessica (D:3)
  3 iguanas
  4 orc wizards
  3 worker ants
  5 mummies (Ossuary)
  A hound zombie (D:6)
  A hound skeleton (D:7)
  A howler monkey zombie (D:5)
  25 gnolls
  10 adders
  A shadow imp (D:7)
  An ooze (D:2)
  2 worms
  3 dart slugs
  6 leopard geckos
  28 orcs
  3 giant cockroaches
  3 gnoll zombies (Ossuary)
  56 goblins
  44 hobgoblins
  12 jackals
  18 kobolds
  5 quokkas
  6 bats
  6 frilled lizards
  A hobgoblin zombie (Ossuary)
  A kobold zombie (Ossuary)
  A leopard gecko zombie (D:5)
  12 rats
320 creatures vanquished.

Vanquished Creatures (others)
  An orc priest (D:4)
  A worker ant (D:4)
  A hound skeleton (D:4)
  An orc (D:3)
  A goblin (D:3)
  A kobold (D:3)
6 creatures vanquished.

Grand Total: 326 creatures vanquished

Notes
Turn   | Place    | Note
-------+----------+-------------------------------------------
     0 | D:1      | inc the Formicid Fighter began the quest for the Orb.
     0 | D:1      | Reached XP level 1. HP: 18/18 MP: 1/1
    96 | D:1      | Reached XP level 2. HP: 16/24 MP: 2/2
   376 | D:1      | Reached XP level 3. HP: 27/29 MP: 3/3
   850 | D:2      | Reached XP level 4. HP: 31/35 MP: 4/4
  1169 | D:2      | Reached skill level 5 in Shields
  1658 | D:3      | Reached XP level 5. HP: 39/41 MP: 5/5
  2189 | D:3      | Noticed Jessica
  2197 | D:3      | Killed Jessica
  2334 | D:5      | Entered Level 5 of the Dungeon
  2358 | D:5      | Noticed an ice beast
  2395 | D:4      | Killed an ice beast
  2395 | D:4      | Reached XP level 6. HP: 30/47 MP: 6/6
  2633 | D:4      | Found a bloodstained altar of Trog.
  2834 | D:4      | Noticed Pikel
  2834 | D:4      | Noticed a slave
  2834 | D:4      | Noticed a slave
  2834 | D:4      | Noticed a slave
  2843 | D:4      | Noticed a slave
  2862 | D:3      | Killed Pikel
  2862 | D:3      | Reached XP level 7. HP: 30/52 MP: 7/7
  2862 | D:3      | Reached XP level 8. HP: 34/58 MP: 8/8
  3187 | D:4      | Found a staircase to the Ecumenical Temple.
  3209 | Temple   | Entered the Ecumenical Temple
  3380 | Temple   | Became a worshipper of Warmaster Okawaru
  4090 | D:5      | Noticed Prince Ribbit
  5437 | D:4      | Reached * piety under Okawaru
  5437 | D:4      | Reached XP level 9. HP: 42/64 MP: 9/9
  5629 | D:4      | Killed Prince Ribbit
  5735 | D:5      | Reached skill level 10 in Shields
  6013 | D:5      | Found a runed gate.
  6013 | D:5      | Found a runed gate.
  6013 | D:5      | Found a runed gate.
  6014 | D:5      | Noticed Tistro Niner's ghost (novice MfGl)
  6136 | D:5      | Reached ** piety under Okawaru
  6357 | D:6      | Found an ornate altar of the Wu Jian Council.
  7127 | D:7      | Reached XP level 10. HP: 17/71 MP: 7/10
  7510 | D:7      | Found a sand-covered staircase.
  7514 | Ossuary  | Entered an ossuary
  7929 | D:7      | Found a sacrificial altar of Ru.
  8272 | D:7      | Reached skill level 5 in Fighting
  8272 | D:7      | Reached skill level 5 in Armour
  8286 | D:7      | Noticed Menkaure
  8298 | D:7      | Killed Menkaure
  8475 | D:8      | Reached skill level 1 in Invocations
  8578 | D:8      | Found a glowing silver altar of Zin.
  8578 | D:8      | Found a snail-covered altar of Cheibriados.
  8578 | D:8      | Found a shattered altar of Ashenzari.
  8579 | D:8      | Found a radiant altar of Vehumet.
  9207 | D:9      | Noticed a two-headed ogre
  9222 | D:9      | Killed a two-headed ogre
  9222 | D:9      | Reached *** piety under Okawaru
  9222 | D:9      | Reached skill level 10 in Staves
  9243 | D:9      | Found a flagged portal.
  9260 | Bailey   | Entered a bailey
  9461 | Bailey   | Noticed an orc knight
  9476 | Bailey   | Gained mutation: You are weak. (Str -2) [potion of mutation]
  9476 | Bailey   | Gained mutation: You possess an exceptional clarity of mind. [potion of mutation]
  9476 | Bailey   | Gained mutation: Your flesh is cold resistant. (rC+) [potion of mutation]
  9486 | Bailey   | Killed an orc knight
  9515 | Bailey   | Reached XP level 11. HP: 6/81 MP: 11/14
 10363 | Bailey   | Noticed an orc knight
 10363 | Bailey   | Noticed an orc warlord
 10382 | Bailey   | Killed an orc knight
 10382 | Bailey   | Reached skill level 5 in Invocations
 10447 | Bailey   | HP: 2/81 [orc warrior/war axe (13)]
 10454 | Bailey   | Slain by an orc warrior

Vault maps used:
D:1:      saegor_arrival_simple_d
D:2:      minmay_misc_feat_room
D:3:      minmay_goblin_kobold_castle, uniq_jessica
D:4:      minmay_temple_entry_trees, trog_hazing_becter, uniq_pikel
D:5:      gammafunk_ghost_necromancy, first_ration, uniq_prince_ribbit1
D:6:      nicolae_overflow_hidden_temple
D:7:      kennysheep_mini_moat, nicolae_ossuary_entry_plus,
          minmay_misc_feat_columns, uniq_menkaure
D:8:      chequers_temple_overflow_statue_of_worship
D:9:      enter_bailey_3
Temple:   regret_index_temple_sphere_string
Ossuary:  ossuary_crypta
Bailey:   bailey_axe_minmay_hex_keep, bailey

Skill      XL: |  1  2  3  4  5  6  7  8  9 10 11 |
---------------+----------------------------------+-----
Shields        | 4 5 6 7 9 11 | 11.1
Staves         | 3 4 6 7 9 10 11 | 11.0
Fighting       | 4 5 |  5.7
Armour         | 4 5 |  5.7
Invocations    | 4 5 |  5.6

Action                   |  1- 3 |  4- 6 |  7- 9 | 10-12 || total
-------------------------+-------+-------+-------+-------++-------
Melee: Quarterstaff      |    77 |   196 |   592 |   432 ||  1297
Invok: Heroism           |       |       |     3 |     8 ||    11
 Abil: Dig               |       |     1 |     5 |     1 ||     7
       Evoke Flight      |       |       |     1 |       ||     1
  Use: Scroll            |       |     5 |     2 |     3 ||    10
       Potion            |       |     3 |     2 |     6 ||    11
  Eat: Chunk             |       |     6 |    15 |     7 ||    28
       Ration            |       |       |       |     1 ||     1
Armor: Scale mail        |    19 |    81 |   162 |    47 ||   309
       Skin              |       |       |       |     2 ||     2
Dodge: Dodged            |    32 |    59 |   191 |    58 ||   340
Block: Shield            |    33 |   134 |   355 |   154 ||   676

Table legend:
 A = Spawn XP
 B = Non-spawn XP
 C = Spawn XP percentage of total XP
 D = Spawn monster count
 E = Non-spawn monster count
 F = Spawn count percentage of total count
 G = Total turns spent on level
                    A         B        C        D         E        F      G
               +---------+---------+-------+---------+---------+-------+---------
         Total |       0 |    8757 |   0.0 |       0 |     321 |   0.0 | 10454
               +---------+---------+-------+---------+---------+-------+---------
           D:1 |       0 |      59 |   0.0 |       0 |      27 |   0.0 |   789
           D:2 |       0 |      59 |   0.0 |       0 |      17 |   0.0 |   943
           D:3 |       0 |    1330 |   0.0 |       0 |      92 |   0.0 |  1837
           D:4 |       0 |     745 |   0.0 |       0 |      33 |   0.0 |  1810
           D:5 |       0 |     781 |   0.0 |       0 |      18 |   0.0 |   703
           D:6 |       0 |     484 |   0.0 |       0 |      11 |   0.0 |   588
           D:7 |       0 |    1054 |   0.0 |       0 |      33 |   0.0 |  1273
           D:8 |       0 |     494 |   0.0 |       0 |      12 |   0.0 |   722
           D:9 |       0 |    1006 |   0.0 |       0 |       6 |   0.0 |    89
       Ossuary |       0 |     232 |   0.0 |       0 |      13 |   0.0 |   309
        Bailey |       0 |    2513 |   0.0 |       0 |      59 |   0.0 |  1194
               +---------+---------+-------+---------+---------+-------+---------
